 Dungeon Crawl Stone Soup version 0.32-a0-871-ge202e49faa (webtiles) character file.

Game seed: 14706180236403012746

302 Griffin23 the Covered (level 6, -3/56 HPs)
             Began as a Minotaur Fighter on Mar 29, 2024.
             Slain by Pikel
             ... wielding a +0 whip of electrocution
              (17 damage)
             ... on level 4 of the Dungeon.
             The game lasted 00:02:43 (2108 turns).

Griffin23 the Covered (Minotaur Fighter)            Turns: 2108, Time: 00:02:43

Health: -3/56      AC: 12    Str: 22    XL:     6   Next: 14%
Magic:  5/5        EV:  4    Int:  5    God:
Gold:   189        SH:  8    Dex: 10    Spells: 5/5 levels left

rFire   . . .        a - +0 long sword
rCold   . . .        k - +0 kite shield
rNeg    . . .        j - +0 plate armour
rPois   .            (helmet restricted)
rElec   .            (no cloak)
rCorr   .            (no gloves)
SInv    .            (no boots)
Will    .....        (no amulet) Stlth
                     (no ring)
HPRegen 0.29/turn    (no ring)
MPRegen 0.09/turn

%: no passive effects
@: about to teleport
A: horns 2, retaliatory headbutt
a: no special abilities


You were on level 4 of the Dungeon.
You visited 1 branch of the dungeon, and saw 4 of its levels.

You collected 189 gold pieces.

Inventory:

Hand Weapons
 a - a +0 long sword (weapon)
Armour
 b - a +0 scale mail
 c - a +0 buckler
 j - a +0 plate armour (worn)
 k - a +0 kite shield (worn)
Jewellery
 n - a ring of fire
 s - a ring of wizardry
Wands
 o - a wand of polymorph (12)
Scrolls
 d - a scroll of revelation {unknown}
 e - a scroll of fog {unknown}
 f - 2 scrolls of immolation {unknown}
 g - a scroll of blinking {unknown}
 h - a scroll of teleportation
 i - a scroll of enchant weapon {unknown}
 l - 3 scrolls of identify {unknown}
 r - a scroll of summoning {unknown}
Potions
 m - a potion of enlightenment
 q - a potion of lignification


   Skills:
 + Level 5.2 Fighting
 + Level 4.4 Long Blades
 + Level 5.2 Armour
 + Level 5.1 Shields


You had 5 spell levels left.
You didn't know any spells.
Your spell library contained the following spells:

 Spells                   Type           Power      Damage    Failure   Level
 Slow                     Hex            0%         N/A       100%        1
 Confusing Touch          Hex            0%         N/A       100%        3
 Vampiric Draining        Necr           0%         2d6       100%        3


Dungeon Overview and Level Annotations

Branches:
Dungeon (4/15)
 Temple: D:4-7

Altars:
Elyvilon

Annotations:
D:4 Pikel


Innate Abilities, Weirdness & Mutations

You have a pair of horns on your head.
You reflexively headbutt those who attack you in melee.


Message History

Pikel hits you but does no damage.
You hit Pikel.
Pikel is moderately wounded.
You block Pikel's attack.
Pikel hits you with a +0 whip of electrocution.
You barely miss Pikel.
Pikel is moderately wounded.
You block Pikel's attack.
You closely miss Pikel.
Pikel is moderately wounded.
An iguana comes into view.
Pikel hits you but does no damage.
You are electrocuted!!
* * * LOW HITPOINT WARNING * * *
You are too injured to fight recklessly!
It was a potion of curing.
You feel better.
The iguana hisses angrily.
Pikel hits you but does no damage.
You are too injured to fight recklessly!
You are too injured to fight recklessly!
You are too injured to fight recklessly!
Okay, then.
Sorry, you're not good enough to have a special ability.
As you read the scroll labelled WIOVEAP CEUGH, it crumbles to dust.
You feel strangely unstable.
It was a scroll of teleportation.
Pikel hits you with a +0 whip of electrocution.
A lemure comes into view.
You barely miss Pikel.
Pikel is moderately wounded.
The lemure shouts!
You block Pikel's attack.
You hit Pikel.
Pikel is moderately wounded.
You block Pikel's attack. The iguana bites you.
* * * LOW HITPOINT WARNING * * *
The iguana bites you but does no damage.
Pikel hits you with a +0 whip of electrocution.
* * * LOW HITPOINT WARNING * * *
You are electrocuted!
You die...
Pikel says, "Another soul for the market."

......>)......##.# #.#
#.............##.# #.#
#..###.#####.....# #.#
#. #.# #..##.###.#
.<.###.# #.........#
#......#####.........#
#...<..'....5.(......#
#......#...†#..#.K#..#
.......+....#...@.#..#
.......#..5.#.###l#..#
.5..##.#.5#.#.# ..#..#
....##.#..#.#....(#..#
...K.5.5..#..........#
.......:!...####.##..#
.....J.##.#.# #.
#.#.....$..... .. #
#...###.#####


You could see Pikel, a lemure and an iguana.

Vanquished Creatures
  Sigmund (D:2)
  3 lemures (D:3)
  A howler monkey (D:4)
  Jessica (D:2)
  3 adders
  A dart slug (D:2)
  2 ball pythons
  5 endoplasms
  A giant cockroach (D:3)
  5 goblins
  6 hobgoblins
  2 jackals (D:3)
  3 quokkas
  6 bats
  3 frilled lizards
  4 rats
47 creatures vanquished.

Notes
Turn   | Place    | Note
-------+----------+-------------------------------------------
     0 | D:1      | Griffin23 the Minotaur Fighter began the quest for the Orb.
     0 | D:1      | Reached XP level 1. HP: 19/19 MP: 0/0
   136 | D:1      | Reached XP level 2. HP: 27/27 MP: 1/1
   635 | D:2      | Noticed Sigmund
   641 | D:2      | Killed Sigmund
   642 | D:2      | Reached XP level 3. HP: 27/35 MP: 2/2
   642 | D:2      | Reached XP level 4. HP: 32/41 MP: 3/3
   642 | D:2      | Reached XP level 5. HP: 37/47 MP: 4/4
   793 | D:2      | Noticed Jessica
   805 | D:2      | Killed Jessica
   806 | D:2      | Reached skill level 5 in Fighting
   806 | D:2      | Reached skill level 5 in Armour
   806 | D:2      | Reached skill level 5 in Shields
  1379 | D:3      | Found a white marble altar of Elyvilon.
  1665 | D:4      | Noticed a lemure
  1665 | D:4      | Noticed Pikel
  1665 | D:4      | Noticed a lemure
  1666 | D:4      | Noticed a lemure
  1676 | D:4      | Reached XP level 6. HP: 52/56 MP: 5/5
  2108 | D:4      | Slain by Pikel

Illustrated notes

Levels and vault maps discovered:
D:1:      dpeg_arrival_windows_large_door, layout_rooms
D:2:      layout_rooms, dk_noncrumbling_2, minmay_misc_feat_plants,
          uniq_sigmund, uniq_jessica
D:3:      layout_basic, lemuel_doored_altar
D:4:      layout_basic, mainiacjoe_overflow_catwalk, uniq_pikel

Skill      XL: |  1  2  3  4  5 |
---------------+----------------+-----
Fighting       | 4 5 |  5.2
Armour         | 4 5 |  5.2
Long Blades    | 4 |  4.4
Shields        | 4 5 |  5.1

Action                     |  1- 3 |  4- 6 || total
---------------------------+-------+-------++-------
  Melee: Long sword        |    52 |   110 ||   162
         Headbutt          |     4 |    10 ||    14
    Use: Potion            |     1 |     3 ||     4
         Scroll            |       |     1 ||     1
 Armour: Scale mail        |    36 |       ||    36
         Plate armour      |     3 |    90 ||    93
         Skin              |       |    17 ||    17
  Dodge: Dodged            |    21 |    23 ||    44
  Block: Buckler           |    10 |       ||    10
         Kite shield       |       |    57 ||    57

Table legend: (Time is in decaauts)
 A = Elapsed time spent in this place.
 B = Non-inter-level travel time spent in this place.
 C = Inter-level travel time spent in this place.
 D = Time resting spent in this place.
 E = Time spent auto-exploring this place.
 F = Levels seen in this place.
 G = Mean time per level.
                   A        B        C        D        E       F      G
               +--------+--------+--------+--------+--------+-----+--------+
         Total |   2159 |   2097 |     62 |    398 |   1270 |   4 |  539.8 |
       Dungeon |   2159 |   2097 |     62 |    398 |   1270 |   4 |  539.8 |
               +--------+--------+--------+--------+--------+-----+--------+

Top non-repeatable levels by time:
     D:3: 915 daAuts
     D:2: 622 daAuts
     D:1: 515 daAuts
     D:4: 105 daAuts
